 Dungeon Crawl Stone Soup version 0.24-a0-136-gad582e5 (webtiles) character file.

Game seed: 5666589462193351357

380 JimmahDean the Cudgeler (level 6, -9/51 HPs)
             Began as a Hill Orc Abyssal Knight on Mar 1, 2019.
             Was a Believer of Lugonu.
             Killed by nerve-wracking pain
             ... invoked by an orc priest
              (13 damage)
             ... on level 4 of the Dungeon.
             The game lasted 00:10:18 (4701 turns).

JimmahDean the Cudgeler (Hill Orc Abyssal Knight)   Turns: 4701, Time: 00:10:19

Health: -9/51      AC:  5    Str: 17    XL:     6   Next: 75%
Magic:  10/10      EV:  8    Int: 12    God:    Lugonu [**....]
Gold:   64         SH:  7    Dex: 12    Spells: 5/5 levels left

rFire    . . .     SeeInvis +   a - +1 mace
rCold    + . .     Gourm    .   j - +0 shield
rNeg     . . .     Faith    .   v - +2 leather armour {rC+}
rPois    .         Spirit   .   (no helmet)
rElec    .         Reflect  .   (no cloak)
rCorr    .         Harm     .   (no gloves)
MR       .....                  (no boots)
Stlth    +.........             (no amulet)
HPRegen  0.17/turn              k - +2 ring of dexterity
MPRegen  0.12/turn              s - ring of see invisible

@: no status effects
A: no striking features
a: Depart the Abyss, Bend Space, Renounce Religion, Convert to Beogh


You were on level 4 of the Dungeon.
You worshipped Lugonu.
Lugonu was pleased with you.
You were hungry.

You visited 1 branch of the dungeon, and saw 4 of its levels.
You visited the Abyss 1 time.

You collected 232 gold pieces.
You spent 168 gold pieces at shops.

Inventory:

Hand Weapons
 a - a +1 mace (weapon)
Armour
 j - a +0 shield (worn)
 v - a +2 leather armour of cold resistance (worn)
Jewellery
 k - a +2 ring of dexterity (left hand)
 s - a ring of see invisible (right hand)
Wands
 t - a wand of acid (1)
Scrolls
 b - 3 scrolls of blinking {unknown}
 g - a scroll of amnesia {unknown}
 h - a scroll of fear {unknown}
 m - 3 scrolls of teleportation {@r4}
 o - 3 scrolls of enchant armour
Potions
 d - a potion of lignification {!q}
 e - 3 potions of might
 i - a potion of brilliance {unknown}
 l - 3 potions of heal wounds {@q2}
 n - 3 potions of flight
 p - 2 potions of curing {@q1}
 q - 2 potions of resistance {unknown}
 r - 2 potions of haste {unknown}
 u - a potion of mutation {unknown}
Comestibles
 c - 9 rations {@e1}
 f - 2 chunks of flesh


   Skills:
 - Level 3.6 Fighting
 * Level 6.3 Maces & Flails
 - Level 2.1 Armour
 - Level 0.7 Dodging
 + Level 5.5 Invocations


You had 5 spell levels left.
You didn't know any spells.
Your spell library contained the following spells:

 Spells                   Type           Power        Failure   Level  Hunger
 Magic Dart               Conj           #...         95%         1    ##.....


Dungeon Overview and Level Annotations

Branches:
Dungeon (4/15)
 Temple: D:4-7

Altars:
Fedhas
Kikubaaqudgha
Qazlal
Sif Muna
Vehumet

Shops:
D:4 !

Annotations:
D:2 exclusion: ogre


Message History

You are feeling hungry.
The orc priest barely misses you. The orc hits you with a +0 trident.
* * * LOW HITPOINT WARNING * * *
The orc barely misses you. The orc priest hits you with a +0 club.
* * * LOW HITPOINT WARNING * * *
You take 4 damage, and have 9/51 hp.
The orc priest shouts, "Join the one true god or die!"
You hit the orc priest but do no damage.
The orc barely misses you. The orc hits you but does no damage.
The orc priest shouts, "Join the one true god or die!"
The orc priest hits you with a +0 club.
* * * LOW HITPOINT WARNING * * *
You take 5 damage, and have 4/51 hp.
Aim: an orc priest, wielding a +0 club and wearing a +0 leather armour (heavily wounded)
The bolt of acid misses the orc priest.
The orc hits you but does no damage. x2
Aim: an orc priest, wielding a +0 club and wearing a +0 leather armour (heavily wounded)
The bolt of acid misses the orc priest.
The orc priest calls down the wrath of Beogh upon you.
Pain shoots through your body!
You die...

.. ###### .# #.##..... ..
#.##....##. #######.##..#.#.
#...........#..####
#........#..#.....#.#.
#........+...ooo......
#........#....@#....#
#........##....## ...
###...###.......# .## #...#
#.########.# .
#...###+########.# ### ..
#..............#.# #.. ...
#................# #.# ....
#................###.##.....
#................##.........


You could see an orc priest and 2 orcs.

Vanquished Creatures
  2 hounds (D:4)
  3 orc wizards
  An orc priest (D:4)
  A bullfrog skeleton (D:4)
  A gnoll (D:1)
  A howler monkey skeleton (D:4)
  5 adders
  An ooze (D:4)
  An adder skeleton (D:4)
  A worm (D:2)
  4 dart slugs
  A leopard gecko (D:1)
  16 orcs
  8 giant cockroaches
  4 goblins
  6 hobgoblins
  3 jackals (D:1)
  2 quokkas
  2 ball pythons
  12 bats
  4 frilled lizards
  A jackal skeleton (D:4)
  4 kobolds
  5 rats
89 creatures vanquished.

Notes
Turn   | Place    | Note
-------+----------+-------------------------------------------
     0 | Abyss:1  | JimmahDean the Hill Orc Abyssal Knight began the quest for
                  | the Orb.
     0 | Abyss:1  | Reached XP level 1. HP: 19/19 MP: 2/2
    21 | Abyss:2  | Noticed a hell knight
    21 | Abyss:2  | Noticed a hell knight
    21 | Abyss:2  | Noticed a necromancer
    23 | Abyss:2  | Noticed a hellion
    24 | D:1      | Escaped the Abyss
   548 | D:1      | Reached XP level 2. HP: 23/26 MP: 4/4
   787 | D:1      | Reached skill level 3 in Maces & Flails
  1065 | D:1      | Reached XP level 3. HP: 29/31 MP: 5/5
  1145 | D:1      | Reached * piety under Lugonu
  1238 | D:2      | Noticed an ogre
  2155 | D:2      | Reached skill level 4 in Maces & Flails
  2155 | D:2      | Reached XP level 4. HP: 39/39 MP: 6/6
  2545 | D:3      | Found a stormy altar of Qazlal.
  2773 | D:3      | Reached XP level 5. HP: 31/45 MP: 8/8
  2799 | D:3      | Reached ** piety under Lugonu
  2943 | D:3      | Found a blossoming altar of Fedhas.
  3381 | D:3      | Reached skill level 5 in Maces & Flails
  3857 | D:4      | Reached XP level 6. HP: 49/51 MP: 9/9
  3898 | D:4      | Found Gywev's Distillery.
  3915 | D:4      | Bought a potion of degeneration for 14 gold pieces
  3915 | D:4      | Bought a potion of heal wounds for 70 gold pieces
  3915 | D:4      | Bought 2 potions of flight for 84 gold pieces
  3923 | D:4      | Reached skill level 5 in Invocations
  3971 | D:4      | Reached skill level 6 in Maces & Flails
  4426 | D:4      | Found an ancient bone altar of Kikubaaqudgha.
  4431 | D:4      | Found a deep blue altar of Sif Muna.
  4432 | D:4      | Found a radiant altar of Vehumet.
  4438 | D:4      | Identified Vehumet's Disquisition on Arcane Weapons
  4701 | D:4      | Killed from afar by an orc priest

Levels and vault maps discovered:
D:1:      dpeg_arrival_houses_and_road, layout_rooms
D:2:      layout_loops_ring, first_ration
D:3:      layout_rooms, grunt_temple_overflow_forces_of_nature
D:4:      minmay_recursive_quarters, layout_basic,
          grunt_temple_overflow_magic_moments, serial_shops, shop
Abyss:1
Abyss:2:  hangedman_elemental_corridor

Skill      XL: |  1  2  3  4  5  6 |
---------------+-------------------+-----
Maces & Flails | 3 4 5 6 |  6.3
Invocations    | 3 4 5 |  5.5
Fighting       | |  3.6
Armour         | |  2.1
Dodging        | |  0.7

Action                   |  1- 3 |  4- 6 || total
-------------------------+-------+-------++-------
Melee: Mace              |   123 |   222 ||   345
Invok: Depart the Abyss  |     1 |       ||     1
Evoke: Wand              |       |     8 ||     8
  Use: Scroll            |     6 |     2 ||     8
 Stab: Sleeping          |     4 |     2 ||     6
  Eat: Chunk             |     4 |     8 ||    12
Armor: Leather armour    |    10 |    30 ||    40
       Ring mail         |    31 |    46 ||    77
Dodge: Dodged            |    36 |    77 ||   113
Block: Shield            |    42 |    78 ||   120

Table legend:
 A = Non-vault XP
 B = Vault XP
 C = Vault XP percentage of total XP
 D = Non-vault monster count
 E = Vault monster count
 F = Vault count percentage of total count
                 A         B        C        D         E       F
            +---------+---------+-------+---------+---------+-------
      Total |     439 |     105 |  19.3 |      83 |       6 |   6.7
            +---------+---------+-------+---------+---------+-------
        D:1 |      44 |       0 |   0.0 |      17 |       0 |   0.0
        D:2 |      56 |       0 |   0.0 |      19 |       0 |   0.0
        D:3 |     114 |       0 |   0.0 |      28 |       0 |   0.0
        D:4 |     225 |     105 |  31.8 |      19 |       6 |  24.0
            +---------+---------+-------+---------+---------+-------
